 Dungeon Sprint DCSS version 0.24.0-1-gfbc8707 (webtiles) character file.

Game seed: 17997691135132554554, levelgen mode: deterministic

69529 sanboga the Hoplite (level 15, -49/166 HPs)
             Began as a Gargoyle Monk on Nov 6, 2019.
             Was the Champion of Trog.
             Annihilated by an enormous slime creature (54 damage)
             ... in the Dungeon (Sprint V: "Ziggurat Sprint").
             The game lasted 00:11:28 (2238 turns).

sanboga the Hoplite (Gargoyle Monk)                 Turns: 2238, Time: 00:11:28

Health: -49/166    AC: 30    Str: 36    XL:     15   Next: 30%
Magic:  0/6        EV: 11    Int: 10    God:    Trog [******]
Gold:   0          SH:  0    Dex: 19    Spells: 14/14 levels left

rFire    + . .     SeeInvis .   h - +9 broad axe (elec)
rCold    + . .     Gourm    .   g - +3 large shield
rNeg     + . .     Faith    .   a - +9 gold dragon scales
rPois    ∞         Spirit   .   (no helmet)
rElec    +         Reflect  .   (no cloak)
rCorr    .         Harm     .   y - +1 pair of gloves {Str+3}
MR       +....     NoTele   +   v - +0 pair of boots "Muiguavi" {MP-9 Dex+7}
Stlth    ..........             (no amulet)
HPRegen  0.37/turn              A - +6 ring of strength
MPRegen  0.10/turn              C - +3 ring of slaying

@: confused, berserking, corroded, flying, very quick
A: big wings, negative energy resistance 1, electricity resistance, unbreathing,
petrification resistance, rot immunity, AC +11
a: Stop Flying, Berserk, Trog's Hand, Brothers in Arms, Renounce Religion


You were in the Dungeon.
You worshipped Trog.
Trog was exalted by your worship.
You were hungry.

You visited 1 branch

Inventory:

Hand Weapons
 b - a +5 broad axe of electrocution
 h - a +9 broad axe of electrocution (weapon)
Armour
 a - +9 gold dragon scales (worn)
 g - a +3 large shield (worn)
 v - the +0 pair of boots "Muiguavi" (worn) {MP-9 Dex+7}
   (You found it in the Dungeon)

   It affects your dexterity (+7).
   It affects your magic capacity (-9).
 y - a +1 pair of gloves of strength (worn)
Jewellery
 w - an uncursed ring of protection from cold
 x - an uncursed ring of fire
 A - a +6 ring of strength (left hand)
 B - an uncursed ring of ice
 C - a +3 ring of slaying (right hand)
Wands
 r - a wand of disintegration (7)
 t - a wand of iceblast (7)
 u - a wand of acid (7)
Scrolls
 i - 3 scrolls of blinking
 j - 7 scrolls of fog
 k - a scroll of holy word
 l - 5 scrolls of identify
 m - 5 scrolls of remove curse
 n - 2 scrolls of fear
Potions
 d - 10 potions of curing
 e - 12 potions of heal wounds
 f - 10 potions of haste
 o - 2 potions of invisibility
 p - 4 potions of resistance
 q - a potion of experience
 s - 6 potions of might
Comestibles
 c - 8 rations
 z - 28 chunks of flesh


   Skills:
 + Level 19.0 Fighting
 * Level 21.4 Axes
 + Level 18.3 Armour
 - Level 4.8 Dodging
 - Level 6.3 Stealth
 * Level 24.1 Shields


You had 14 spell levels left.
You didn't know any spells.
Your spell library was empty.

Dungeon Overview and Level Annotations

Branches:
Dungeon (1/1)

Altars:
Ashenzari
Cheibriados
Dithmenos
Elyvilon
Fedhas
Gozag
Hepliaklqana
Kikubaaqudgha
Makhleb
Nemelex Xobeh
Okawaru
Qazlal
Ru
Sif Muna
Trog
Uskayaw
Vehumet
Wu Jian
Xom
Yredelemnul
Zin
The Shining One
Beogh
Jiyva
Lugonu

Annotations:
D 1 transporter


Innate Abilities, Weirdness & Mutations

You are resistant to torment.
Your stone body is resilient. (AC +11)
You are immune to poison.
Your large and strong wings let you fly indefinitely.
You resist negative energy. (rN+)
You are resistant to electric shocks. (rElec)
You can survive without breathing.
You are immune to petrification.
You are immune to rotting.


Message History

You slash the eye of devastation!
Lightning courses through the eye of devastation!!
You kill the eye of devastation!
Trog accepts your kill.
You hit the slime creature. You closely miss the slime creature.
You closely miss the azure jelly. You barely miss the slime creature.
The slime creature closely misses you. x2; The azure jelly barely misses you.
The azure jelly closely misses you.
The azure jelly hits you but does no damage.
The azure jelly closely misses you. The slime creature misses you.
You hit the slime creature.
The slime creature is heavily wounded.
You barely miss the azure jelly. You closely miss the slime creature.
You slash the enormous slime creature! You slash the slime creature!
Lightning courses through the slime creature!!
You kill the slime creature!
Trog accepts your kill.
Your Fighting skill increases to level 19!
The enormous slime creature hits you!!!
You die...

▓▓▓▓▓▓▓▓▓▓▓▓▓▓▓▓▓........
......8©8......▓........
..|:})}[=[)))..▓........
..=)![=:"""=)..▓........
....))|}=[=....▓........
...............▓.....)).
...............▓..▓..)).
...............▓....†)).
......J@J......▓.....)).
.......JJ......▓....).©.
...............▓▓▓▓▓▓▓▓▓
...............
...............
...............
...............
.......©.......
▓▓▓▓▓▓▓▓▓▓▓▓▓▓▓


You could see an azure jelly, an enormous slime creature and 2 slime creatures.

Vanquished Creatures
  2 liches (D)
  3 acid blobs (D)
  2 azure jellies (D)
  2 orc warlords (D)
  3 nagarajas (D)
  2 very ugly things (D)
  A green draconian (D)
  A black draconian (D)
  A vampire knight (D)
  A red draconian (D)
  A yellow draconian (D)
  A white draconian (D)
  A great orb of eyes (D)
  2 death oozes (D)
  An ice dragon (D)
  11 vault guards (D)
  2 naga warriors (D)
  An anaconda (D)
  2 vampire magi (D)
  A thrashing horror (D)
  A hell knight (D)
  2 skeletal warriors (D)
  A fire crab (shapeshifter) (D)
  A flayed ghost (D)
  6 orc knights (D)
  An ugly thing (D)
  A phantasmal warrior (D)
  A mana viper (shapeshifter) (D)
  2 orc sorcerers (D)
  2 deep elf magi (D)
  2 wolf spiders (D)
  13 draconians (D)
  A moth of wrath (D)
  4 black mambas (D)
  A guardian serpent (D)
  A guardian serpent (shapeshifter) (D)
  A naga mage (D)
  An eye of devastation (D)
  A smoke demon (D)
  A rime drake (shapeshifter) (D)
  2 yaktaurs (D)
  A tormentor (D)
  An ice devil (D)
  3 hellions (D)
  4 red devils (D)
  An ancient zyme (D)
  A wind drake (shapeshifter) (D)
  A jumping spider (D)
  8 slime creatures (D)
  A tarantella (D)
  A vampire (D)
  3 flying skulls (D)
  A ynoxinul (D)
  2 redbacks (D)
  9 shadows (D)
  A fire elemental (D)
  A wraith (D)
  A large abomination (D)
  A yak (D)
  A hog (shapeshifter) (D)
  2 neqoxecs (D)
  2 golden eyes (D)
  A small abomination (D)
  2 wargs (D)
  2 nagas (D)
  A hell hound (D)
  3 water moccasins (D)
  7 orc warriors (D)
  3 ice beasts (D)
  An eye of draining (D)
  A black bear (shapeshifter) (D)
  4 necrophages (D)
  2 phantoms (D)
  6 ogres (D)
  2 scorpions (D)
  4 wights (D)
  2 crimson imps (D)
  5 starcursed masses (D)
  A quasit (D)
  A jelly (D)
  2 orc priests (D)
  An orc wizard (D)
  4 iron imps (D)
  6 adders (D)
  3 shadow imps (D)
  3 white imps (D)
  3 ufetubi (D)
  5 adder zombies (D)
  4 adder skeletons (D)
  2 orcs (D)
  3 bat skeletons (D)
  7 bat zombies (D)
  A jackal (D)
  4 ball pythons (D)
  A ball python zombie (D)
  2 giant cockroach zombies (D)
  A jackal simulacrum (D)
  2 jackal zombies (D)
  A leopard gecko skeleton (D)
  A leopard gecko zombie (D)
  A quokka skeleton (D)
  A quokka zombie (D)
239 creatures vanquished.

Notes
Turn   | Place    | Note
-------+----------+-------------------------------------------
     0 | D        | sanboga the Gargoyle Monk began the quest for the Orb.
     0 | D        | Reached XP level 1. HP: 14/14 MP: 1/1
    17 | D        | Found a blossoming altar of Fedhas.
    18 | D        | Found the +6 Majin-Bo {vamp, Archmagi MP+6 Int+6}
    18 | D        | Found the +7 great mace "Firestarter" {inner flame, rF++}
    24 | D        | Found a viscous altar of Jiyva.
    24 | D        | Found a hazy altar of Hepliaklqana.
    24 | D        | Found a transporter.
    24 | D        | Found an opulent altar of Gozag.
    24 | D        | Found an ancient bone altar of Kikubaaqudgha.
    24 | D        | Found a corrupted altar of Lugonu.
    29 | D        | Found a burning altar of Makhleb.
    30 | D        | Found a sacrificial altar of Ru.
    30 | D        | Found a stormy altar of Qazlal.
    30 | D        | Found a shimmering blue altar of Sif Muna.
    30 | D        | Found an iron altar of Okawaru.
    30 | D        | Found a bloodstained altar of Trog.
    30 | D        | Found a sparkling altar of Nemelex Xobeh.
    59 | D        | Became a worshipper of Trog the Wrathful
    59 | D        | Reached * piety under Trog
    59 | D        | Reached ** piety under Trog
    80 | D        | Entered arena 2.
    80 | D        | Noticed a yak
    80 | D        | Found a transporter.
    89 | D        | Killed a yak
    89 | D        | Reached skill level 5 in Axes
    89 | D        | Reached XP level 2. HP: 23/23 MP: 2/2
    89 | D        | Reached XP level 3. HP: 28/28 MP: 3/3
    89 | D        | Reached XP level 4. HP: 32/32 MP: 4/4
    89 | D        | Reached XP level 5. HP: 37/37 MP: 5/5
   128 | D        | Entered arena 3.
   128 | D        | Noticed a deep elf mage
   128 | D        | Noticed a deep elf mage
   128 | D        | Noticed a fire elemental
   128 | D        | Found a transporter.
   132 | D        | Killed a fire elemental
   132 | D        | Reached skill level 4 in Shields
   132 | D        | Reached XP level 6. HP: 44/44 MP: 6/6
   136 | D        | Killed a deep elf mage
   136 | D        | Reached *** piety under Trog
   136 | D        | Reached skill level 5 in Armour
   136 | D        | Reached skill level 7 in Shields
   136 | D        | Reached XP level 7. HP: 50/50 MP: 7/7
   139 | D        | Killed a deep elf mage
   139 | D        | Received a gift from Trog
   139 | D        | Reached skill level 9 in Shields
   139 | D        | Reached XP level 8. HP: 56/56 MP: 8/8
   233 | D        | Entered arena 4.
   233 | D        | Noticed a draconian
   233 | D        | Noticed a draconian
   233 | D        | Noticed a draconian
   233 | D        | Noticed a draconian
   233 | D        | Found a transporter.
   234 | D        | Found the +3 giant club "Skullcrusher" {speed, Str+7}
   242 | D        | Killed a draconian
   242 | D        | Reached skill level 10 in Axes
   242 | D        | Reached skill level 10 in Shields
   242 | D        | Killed a draconian
   242 | D        | Reached skill level 10 in Fighting
   242 | D        | Reached XP level 9. HP: 62/62 MP: 9/9
   243 | D        | Killed a draconian
   243 | D        | Reached **** piety under Trog
   243 | D        | Reached skill level 11 in Shields
   250 | D        | Killed a draconian
   299 | D        | Entered arena 5.
   299 | D        | Found a transporter.
   304 | D        | Received a gift from Trog
   306 | D        | Reached ***** piety under Trog
   306 | D        | Reached skill level 12 in Shields
   316 | D        | Entered arena 6.
   316 | D        | Noticed a draconian
   316 | D        | Noticed a draconian
   316 | D        | Noticed a draconian
   316 | D        | Noticed a draconian
   316 | D        | Noticed a draconian
   316 | D        | Found a transporter.
   322 | D        | Killed a draconian
   325 | D        | Killed a draconian
   325 | D        | Reached XP level 10. HP: 69/69 MP: 10/10
   328 | D        | Killed a draconian
   328 | D        | Killed a draconian
   328 | D        | Reached skill level 13 in Shields
   329 | D        | Killed a draconian
   329 | D        | Reached skill level 10 in Armour
   374 | D        | Entered arena 7.
   374 | D        | Noticed a smoke demon
   375 | D        | Found a transporter.
   377 | D        | Received a gift from Trog
   384 | D        | Killed a smoke demon
   523 | D        | Entered arena 8.
   524 | D        | Found a transporter.
   530 | D        | Received a gift from Trog
   533 | D        | Reached ****** piety under Trog
   676 | D        | Entered arena 9.
   677 | D        | Found a transporter.
   693 | D        | Got the ring of Ustut {rPois Int+5}
   698 | D        | Entered arena 10.
   698 | D        | Noticed a wolf spider
   698 | D        | Noticed a wolf spider
   699 | D        | Found a transporter.
   704 | D        | Received a gift from Trog
   704 | D        | Reached skill level 14 in Shields
   704 | D        | Killed a wolf spider
   705 | D        | Killed a wolf spider
   707 | D        | Reached XP level 11. HP: 76/76 MP: 11/11
   710 | D        | Received a gift from Trog
   777 | D        | Entered arena 11.
   777 | D        | Noticed a green draconian
   777 | D        | Noticed a yellow draconian
   777 | D        | Noticed a black draconian
   777 | D        | Noticed a white draconian
   777 | D        | Noticed a draconian
   777 | D        | Noticed a red draconian
   777 | D        | Noticed a draconian
   777 | D        | Noticed a draconian
   777 | D        | Noticed a draconian
   778 | D        | Found a transporter.
   786 | D        | Killed a draconian
   793 | D        | Killed a draconian
   793 | D        | Reached skill level 15 in Shields
   793 | D        | Killed a green draconian
   794 | D        | Killed a yellow draconian
   795 | D        | Killed a draconian
   796 | D        | Killed a draconian
   796 | D        | Received a gift from Trog
   800 | D        | Killed a white draconian
   800 | D        | Reached skill level 16 in Shields
   808 | D        | Killed a red draconian
   810 | D        | Killed a black draconian
   810 | D        | Reached skill level 15 in Axes
  1010 | D        | Entered arena 12.
  1010 | D        | Noticed a nagaraja
  1010 | D        | Noticed a naga warrior
  1010 | D        | Noticed a naga warrior
  1010 | D        | Noticed an anaconda
  1011 | D        | Noticed a nagaraja
  1012 | D        | Found a transporter.
  1017 | D        | Killed an anaconda
  1017 | D        | Reached XP level 12. HP: 84/84 MP: 12/12
  1017 | D        | Received a gift from Trog
  1020 | D        | Killed a naga warrior
  1020 | D        | Reached skill level 17 in Shields
  1024 | D        | Killed a nagaraja
  1024 | D        | Received a gift from Trog
  1029 | D        | Killed a naga warrior
  1033 | D        | Killed a nagaraja
  1033 | D        | Received a gift from Trog
  1181 | D        | Entered arena 13.
  1181 | D        | Noticed a green very ugly thing
  1181 | D        | Noticed a white very ugly thing
  1183 | D        | Found a transporter.
  1191 | D        | Reached skill level 18 in Shields
  1191 | D        | Killed a white very ugly thing
  1193 | D        | Killed a green very ugly thing
  1194 | D        | Received a gift from Trog
  1199 | D        | Reached skill level 15 in Fighting
  1201 | D        | Received a gift from Trog
  1252 | D        | Got the ring "Huimag" {+Fly Str+5}
  1313 | D        | Entered arena 14.
  1317 | D        | Found a transporter.
  1323 | D        | Received a gift from Trog
  1325 | D        | Reached XP level 13. HP: 84/92 MP: 13/13
  1364 | D        | Entered arena 15.
  1365 | D        | Noticed a nagaraja
  1367 | D        | Found a transporter.
  1372 | D        | Reached skill level 19 in Shields
  1373 | D        | Received a gift from Trog
  1380 | D        | Received a gift from Trog
  1387 | D        | Killed a nagaraja
  1433 | D        | Entered arena 16.
  1434 | D        | Noticed a vault guard
  1434 | D        | Noticed a vault guard
  1434 | D        | Noticed a vault guard
  1434 | D        | Noticed a vault guard
  1434 | D        | Noticed a vault guard
  1434 | D        | Noticed a vault guard
  1434 | D        | Noticed a vault guard
  1434 | D        | Noticed a vault guard
  1434 | D        | Noticed a lich
  1434 | D        | Noticed a vault guard
  1435 | D        | Noticed a vault guard
  1435 | D        | Noticed a vault guard
  1436 | D        | Found a transporter.
  1441 | D        | Killed a vault guard
  1444 | D        | Killed a vault guard
  1445 | D        | Killed a vault guard
  1448 | D        | Killed a vault guard
  1448 | D        | Killed a vault guard
  1448 | D        | Reached skill level 15 in Armour
  1448 | D        | Reached skill level 20 in Shields
  1450 | D        | Killed a vault guard
  1450 | D        | Killed a vault guard
  1450 | D        | Received a gift from Trog
  1452 | D        | Killed a lich
  1452 | D        | Killed a vault guard
  1452 | D        | Killed a vault guard
  1452 | D        | Received a gift from Trog
  1455 | D        | Killed a vault guard
  1458 | D        | Killed a vault guard
  1510 | D        | Entered arena 17.
  1513 | D        | Noticed a starcursed mass
  1514 | D        | Found the +4 dagger "Morg" {pain, MR+ Int+5}
  1515 | D        | Found a transporter.
  1521 | D        | Received a gift from Trog
  1522 | D        | Reached skill level 21 in Shields
  1534 | D        | Received a gift from Trog
  1541 | D        | Gained mutation: Your large and strong wings let you fly
                  | indefinitely. [Gargoyle growth]
  1541 | D        | Reached XP level 14. HP: 66/100 MP: 14/14
  1575 | D        | Got the ring of Fisacseu {Int+3 SInv}
  1771 | D        | Entered arena 18.
  1777 | D        | Found a transporter.
  1781 | D        | Received a gift from Trog
  1785 | D        | Received a gift from Trog
  1807 | D        | Got the ring "Dinlitam" {*Corrode rPois Str+5 Int+7}
  1823 | D        | Entered arena 19.
  1826 | D        | Noticed a vampire knight
  1828 | D        | Received a gift from Trog
  1839 | D        | Killed a vampire knight
  1839 | D        | Received a gift from Trog
  1841 | D        | Noticed a lich
  1843 | D        | Received a gift from Trog
  1856 | D        | Killed a lich
  1856 | D        | Reached skill level 22 in Shields
  1858 | D        | Found a transporter.
  1879 | D        | Got the +0 pair of boots "Muiguavi" {MP-9 Dex+7}
  1916 | D        | Entered arena 20.
  1922 | D        | Found a transporter.
  1925 | D        | Received a gift from Trog
  1927 | D        | Received a gift from Trog
  1932 | D        | Received a gift from Trog
  1986 | D        | Entered arena 21.
  1991 | D        | Noticed an orc warlord
  1991 | D        | Identified the +8 broad axe "Worm" {antimagic, rElec rPois
                  | rC++ rN+ Dex-5}
  1991 | D        | Identified a ring of the Octopus King {MP+9 AC+1 EV+1 Str+1
                  | Int+1 Dex+1}
  1992 | D        | Noticed an orc warlord
  1993 | D        | Found a transporter.
  1997 | D        | Received a gift from Trog
  2004 | D        | Received a gift from Trog
  2013 | D        | Killed an orc warlord
  2013 | D        | Received a gift from Trog
  2019 | D        | Killed an orc warlord
  2019 | D        | Reached skill level 23 in Shields
  2205 | D        | Entered arena 22.
  2209 | D        | Noticed an azure jelly
  2210 | D        | Noticed an acid blob
  2210 | D        | Noticed an acid blob
  2210 | D        | Noticed an azure jelly
  2210 | D        | Noticed an acid blob
  2211 | D        | Noticed an azure jelly
  2216 | D        | Received a gift from Trog
  2220 | D        | Killed an acid blob
  2220 | D        | Reached XP level 15. HP: 109/109 MP: 0/15
  2221 | D        | Received a gift from Trog
  2223 | D        | Killed an acid blob
  2227 | D        | Killed an azure jelly
  2229 | D        | Killed an acid blob
  2229 | D        | Received a gift from Trog
  2229 | D        | Killed an azure jelly
  2229 | D        | Reached skill level 24 in Shields
  2231 | D        | Received a gift from Trog
  2232 | D        | Found a transporter.
  2236 | D        | HP: 4/165 [enormous slime creature (64)]
  2238 | D        | Annihilated by an enormous slime creature

Levels and vault maps discovered:
D:        sprint_v [room_start, room_1, room_2, room_3, room_4, room_5, room_6,
          room_7, room_8, room_9, room_10, room_11, room_12, room_13, room_14,
          room_15, room_16, room_17, room_18, room_19, room_20, room_21,
          room_22, room_23, room_24, room_25, room_26, room_27]

Skill      XL: |  1  2  3  4  5  6  7  8  9 10 11 12 13 14 15 |
---------------+----------------------------------------------+-----
Fighting       | 6 7 8 9 10 11 12 13 15 16 18 19 | 19.0
Axes           | 5 6 8 9 10 12 13 15 16 18 20 21 | 21.4
Dodging        | 4 |  4.8
Stealth        | 6 |  6.3
Armour         | 3 5 6 7 9 10 12 14 15 17 18 | 18.3
Shields        | 4 7 9 10 12 14 16 18 21 23 24 | 24.1

Action                   |  1- 3 |  4- 6 |  7- 9 | 10-12 | 13-15 || total
-------------------------+-------+-------+-------+-------+-------++-------
Melee: Broad axe         |     7 |     6 |    30 |   104 |   181 ||   328
Invok: Berserk           |     1 |     1 |     2 |     6 |     7 ||    17
       Brothers in Arms  |       |       |       |     1 |       ||     1
 Abil: Fly               |       |       |       |       |     1 ||     1
  Use: Scroll            |       |       |       |     3 |    12 ||    15
       Potion            |       |       |       |     2 |       ||     2
  Eat: Chunk             |       |       |     1 |    10 |     6 ||    17
       Ration            |       |       |       |       |     1 ||     1
Armor: Gold dragon scale |     3 |     7 |    22 |    96 |    88 ||   216
Dodge: Dodged            |       |     1 |    10 |    46 |    39 ||    96
Block: Buckler           |     4 |     1 |    21 |    53 |       ||    79
       Large shield      |       |       |       |    47 |   209 ||   256
